 Dungeon Crawl Stone Soup version 0.26.1-11-gd32895ea62 (webtiles) character file.

Game seed: 17628291633315406525

99 derath95 the Shield-Bearer (level 4, -5/29 HPs)
             Began as a Gargoyle Fighter on Apr 16, 2021.
             Slain by Sigmund
             ... wielding a +0 scythe
              (7 damage)
             ... on level 3 of the Dungeon.
             The game lasted 00:11:56 (2377 turns).

derath95 the Shield-Bearer (Gargoyle Fighter)       Turns: 2377, Time: 00:11:57

Health: -5/29      AC: 14    Str: 16 (19) XL:     4   Next: 72%
Magic:  4/4        EV:  2    Int:  5 (8)  God:
Gold:   68         SH:  9    Dex:  8 (9)  Spells: 3/3 levels left

rFire    + . .     SeeInvis .   a - +1 long sword
rCold    . . .     Faith    .   c - +0 kite shield
rNeg     + . .     Spirit   .   e - +1 plate armour
rPois    ∞         Reflect  .   g - +0 helmet
rElec    +         Harm     .   (no cloak)
rCorr    .         Rampage  .   (no gloves)
Will     +....                  (no boots)
Stlth    ..........             (no amulet)
HPRegen  0.09/turn              m - ring of stealth
MPRegen  0.09/turn              q - ring of willpower

@: mighty
A: molten scales 1, deformed body, fire resistance 1, negative energy resistance
1, electricity resistance, weak 1, unbreathing, petrification resistance, miasma
immunity, AC +3
a: no special abilities


You were on level 3 of the Dungeon.
You visited 1 branch of the dungeon, and saw 3 of its levels.

You collected 68 gold pieces.

Inventory:

Hand Weapons
 a - a +1 long sword (weapon)
Armour
 c - a +0 kite shield (worn)
 e - a +1 plate armour (worn)
 g - a +0 helmet (worn)
Jewellery
 m - a ring of stealth (left hand)
 q - a ring of willpower (right hand)
Scrolls
 f - 5 scrolls of identify
 h - a scroll of magic mapping
 j - 2 scrolls of teleportation
 n - a scroll of enchant weapon
 p - a scroll of fog
 r - a scroll of enchant armour


   Skills:
 + Level 4.0 Fighting
 + Level 2.6 Long Blades
 + Level 3.9 Armour
 + Level 0.1 Dodging
 + Level 4.2 Shields


You had 3 spell levels left.
You didn't know any spells.
Your spell library was empty.

Dungeon Overview and Level Annotations

Branches:
Dungeon (3/15)

Altars:

Annotations:
D:3 Sigmund


Innate Abilities, Weirdness & Mutations

You are resistant to torment.
Your stone body is resilient. (AC +3)
You are immune to poison.
You resist negative energy. (rN+)
You are resistant to electric shocks. (rElec)
You can survive without breathing.
You are immune to petrification.
You are immune to miasma.
You are partially covered in molten scales. (AC +2)
Armour fits poorly on your strangely shaped body.
Your flesh is heat resistant. (rF+)
You are weak. (Str -2)


Message History

You closely miss something. Something hits you but does no damage.
Your shield and plate armour prevent you from hitting something.
Something hits you but does no damage.
You miss something. Something hits you but does no damage.
You barely miss something. Something hits you but does no damage.
You barely miss something. Something hits you.
You barely miss something. Something hits you but does no damage.
You miss something. You hit something. Something hits you.
* * * LOW HITPOINT WARNING * * *
Your shield and plate armour prevent you from hitting something.
Something hits you but does no damage.
You miss something. Something hits you!
* * * LOW HITPOINT WARNING * * *
You feel very mighty all of a sudden. Something hits you but does no damage.
Okay, then.
You closely miss something. You miss something. Something hits you!
You die...

###### #..@.#
#.##{#
#.##K## #
#.#<..#
####.#.#†..#
##....#+#.#.#
.....o......#
.......(.####
.........#


You could see a kobold.

Vanquished Creatures
  6 adders
  A leopard gecko (D:1)
  An orc (D:3)
  4 bats
  3 giant cockroaches
  6 goblins
  11 hobgoblins
  A ball python (D:1)
  5 frilled lizards
  2 kobolds
  2 rats
42 creatures vanquished.

Notes
Turn   | Place    | Note
-------+----------+-------------------------------------------
     0 | D:1      | derath95 the Gargoyle Fighter began the quest for the Orb.
     0 | D:1      | Reached XP level 1. HP: 14/14 MP: 1/1
   288 | D:1      | Reached XP level 2. HP: 19/19 MP: 2/2
  1204 | D:2      | Reached XP level 3. HP: 9/23 MP: 3/3
  1698 | D:2      | Reached XP level 4. HP: 17/29 MP: 4/4
  2154 | D:2      | Gained mutation: You are weak. (Str -2) [potion of
                  | mutation]
  2154 | D:2      | Gained mutation: Armour fits poorly on your strangely
                  | shaped body. [potion of mutation]
  2154 | D:2      | Gained mutation: Your flesh is heat resistant. (rF+)
                  | [potion of mutation]
  2154 | D:2      | Gained mutation: You are partially covered in molten
                  | scales. (AC +2) [potion of mutation]
  2340 | D:3      | Noticed Sigmund
  2374 | D:3      | HP: 1/29 [something (7)]
  2377 | D:3      | Slain by Sigmund

Illustrated notes

Levels and vault maps discovered:
D:1:      dpeg_arrival_oval, layout_basic
D:2:      layout_loops_corners
D:3:      layout_basic, uniq_sigmund

Skill      XL: |  1  2  3  4 |
---------------+-------------+-----
Long Blades    | 2 |  2.6
Fighting       | 4 |  4.0
Shields        | 4 |  4.2
Armour         | |  3.9
Dodging        | |  0.1

Action                   |  1- 3 |  4- 6 || total
-------------------------+-------+-------++-------
Melee: Long sword        |   220 |   111 ||   331
  Use: Scroll            |     7 |     1 ||     8
       Potion            |       |     4 ||     4
Armor: Plate armour      |   145 |    72 ||   217
       Scale mail        |     5 |       ||     5
Dodge: Dodged            |    21 |    15 ||    36
Block: Kite shield       |   118 |    53 ||   171
       Rpst.: Long sword |     6 |     3 ||     9
